Map: Deathaura LE

Players

llllllllllll (Oliveira) - Winner!

  • Race: Terran Terran
  • Spawn Location: 11:00

Serral

  • Race: Zerg Zerg
  • Spawn Location: 5:00

Event: DreamHack SC2 Masters 2020 Winter

VOD

Have the link to the VOD?

Description

Time

  • Played on: Nov. 14, 2020, 9:29 a.m.
  • Length: 6:36

All games in this series

Show
View Real Time Build Order
Export as new Build Order

llllllllllll Terran - Winner!

Build Orders:  

Get SALT Encoding   

  12  0:00  SCV  
  13  0:12  SCV  
  14  0:17  Supply Depot  
  14  0:24  SCV  
  15  0:38  SCV  
  15  0:39  Barracks  
  16  0:51  SCV  
  17  1:03  SCV  
  18  1:16  Command Center  
  18  1:17  SCV  
  19  1:26  Marine  
  19  1:30  Orbital Command  
  20  1:35  Refinery  
  20  1:44  Marine  
  21  1:49  Barracks  
  21  1:58  Supply Depot  
  21  1:59  SCV  
  22  2:11  SCV  
  23  2:16  Barracks  
  23  2:24  SCV  
  23  2:29  Orbital Command  
  24  2:36  Barracks Tech Lab, SCV  
  25  2:41  Refinery, Barracks Reactor  
  25  2:48  SCV  
  26  2:55  SCV  
  26  2:56  Marine  
  28  3:00  SCV  
  28  3:04  Marine  
  28  3:05  Stimpack  
  30  3:07  SCV  
  30  3:12  SCV  
  32  3:14  Marine  
  32  3:17  Marine x2  
  32  3:19  SCV  
  36  3:23  Marine  
  36  3:24  SCV  
  38  3:31  SCV  
  39  3:34  Command Center  
  39  3:36  SCV, Marine  
  39  3:38  Marine  
  42  3:42  Supply Depot, Barracks Reactor  
  42  3:45  SCV  
  42  3:46  Marine  
  44  3:50  SCV  
  45  3:57  SCV  
  46  4:03  Factory  
  46  4:04  SCV, Marine  
  46  4:07  Supply Depot  
  46  4:08  Marine  
  46  4:09  SCV  
  50  4:14  Marine  
  50  4:16  SCV  
  52  4:19  Marine x2  
  54  4:28  Marine x2  
  54  4:29  SCV x2, Engineering Bay  
  54  4:30  Engineering Bay  
  58  4:32  Supply Depot, Marine  
  58  4:38  Refinery  
  59  4:39  Marine  
  59  4:41  SCV x2  
  59  4:44  Combat Shield  
  62  4:46  Marine  
  62  4:47  Starport  
  62  4:48  Factory Reactor  
  62  4:52  Orbital Command  
  63  4:53  Marine  
  64  5:03  Supply Depot  
  64  5:05  SCV  
  64  5:06  Marine  
  65  5:15  Marine, Orbital Command  
  65  5:18  Marine  
  65  5:19  SCV  
  66  5:22  Marine  
  66  5:24  SCV  
  66  5:26  Refinery  
  68  5:29  Supply Depot  
  68  5:30  Marine  
  68  5:31  SCV  
  68  5:33  Medivac x2, Factory Tech Lab  
  74  5:36  SCV  
  74  5:37  Marine  
  74  5:38  Marine x2  
  74  5:40  Marine  
  74  5:41  Supply Depot  
  74  5:42  SCV  
  80  5:43  SCV  
  80  5:48  Marine, SCV  
  83  5:55  Siege Tank, Marine  
  84  5:57  Marine  
  84  5:58  Marine  
  84  6:01  Marine  
  84  6:03  Medivac  
  88  6:05  Supply Depot  
  80  6:15  Marine x2  
  63  6:21  SCV  
Show
View Real Time Build Order
Export as new Build Order

Serral Zerg 

Build Orders: Hatch First 

Get SALT Encoding   

  12  0:00  Drone  
  13  0:12  Overlord  
  13  0:22  Drone  
  14  0:30  Drone  
  14  0:31  Drone  
  16  0:48  Hatchery  
  15  0:51  Drone  
  15  0:54  Drone  
  17  0:58  Drone  
  18  1:09  Extractor  
  17  1:13  Spawning Pool  
  17  1:16  Drone  
  17  1:20  Drone  
  18  1:28  Drone  
  19  1:38  Drone  
  20  1:49  Drone  
  21  2:00  Queen  
  21  2:01  Queen  
  23  2:02  Overlord  
  23  2:03  Drone  
  26  2:12  Drone  
  26  2:15  Metabolic Boost  
  27  2:27  Hatchery  
  27  2:29  Overlord  
  26  2:33  Drone  
  26  2:35  Drone  
  28  2:47  Queen  
  28  2:48  Drone x2  
  28  2:49  Drone  
  33  2:54  Drone x2  
  35  3:04  Overlord x2  
  35  3:07  Drone  
  36  3:14  Extractor, Roach Warren  
  36  3:15  Drone x2  
  36  3:24  Drone  
  36  3:25  Drone  
  36  3:26  Drone  
  39  3:28  Drone  
  40  3:37  Overlord  
  40  3:38  Overlord  
  40  3:42  Drone  
  41  3:55  Roach x4  
  47  3:56  Roach x2  
  47  3:58  Roach x2  
  57  4:03  Overlord  
  57  4:05  Roach  
  57  4:07  Zergling x2  
  57  4:09  Zergling x2  
  61  4:11  Zergling x4  
  61  4:15  Zergling x6  
  66  4:20  Ravager  
  66  4:22  Zergling x2  
  66  4:23  Zergling x2  
  69  4:25  Zergling x2  
  69  4:28  Zergling x6  
  69  4:30  Ravager  
  74  4:33  Overlord  
  74  4:35  Zergling x4  
  75  4:46  Zergling x12  
  80  4:55  Zergling x6  
  82  5:05  Zergling x12  
  83  5:16  Zergling x6  
  79  5:22  Drone x2  
  79  5:26  Drone  
  80  5:29  Zergling x2  
  80  5:31  Ravager x4  
  80  5:34  Overlord  
  80  5:35  Zergling x10  
  90  5:40  Overlord  
  90  5:46  Overlord  
  90  5:53  Zergling x12  
  94  5:58  Zergling x4  
  94  6:01  Ravager x2  
  94  6:03  Zergling x12  
  95  6:16  Zergling x10  
Tags
 
Add a new tag
Caveats
  • Supply blocks, unpowered buildings, or Contaminate may cause inaccurate times.
  • Supply counts are checked every 10 seconds.